 Dungeon Crawl Stone Soup version 0.21.1-1-g345015fe64 (webtiles) character file.

80 Naru the Chopper (level 4, -7/44 HPs)
             Began as a Naga Berserker on June 14, 2018.
             Was a Believer of Trog.
             Mangled by an ogre
             ... wielding a +0 giant spiked club
              (13 damage)
             ... on level 3 of the Dungeon.
             The game lasted 00:03:25 (2363 turns).

Naru the Chopper (Naga Berserker)                   Turns: 2363, Time: 00:03:26

Health: -7/44      AC:  4    Str: 20    XL:     4   Next: 39%
Magic:  4/4        EV:  9    Int:  7    God:    Trog [**....]
Gold:   78         SH:  0    Dex: 11    Spells: 3/3 levels left

rFire    x . .     SeeInvis +   a - +0 hand axe
rCold    + . .     Gourm    +   (no shield)
rNeg     . . .     Faith    .   n - +0 ring mail
rPois    +         Spirit   .   (no helmet)
rElec    .         Reflect  .   (no cloak)
rCorr    .         Harm     .   (no gloves)
MR       .....                  (no barding)
Stlth    +.........             g - amulet of the gourmand
HPRegen  0.14/turn              d - ring of ice
MPRegen  0.09/turn              (no ring)

@: very slow
A: large, see invisible, deformed body, poison resistance, slowness 2, slow
metabolism 1, spit poison 1, AC +1
a: Spit Poison, Berserk, Trog's Hand, Burn Spellbooks, Renounce Religion


You were on level 3 of the Dungeon.
You worshipped Trog.
Trog was pleased with you.
You were not hungry.

You visited 1 branch of the dungeon, and saw 3 of its levels.

You collected 78 gold pieces.

Inventory:

Hand Weapons
 a - a +0 hand axe (weapon)
Armour
 b - a +0 animal skin
 n - a +0 ring mail (worn)
Jewellery
 d - a ring of ice (left hand)
 g - an amulet of the gourmand (around neck)
 l - an uncursed ring of ice
Scrolls
 f - 3 scrolls of teleportation {unknown}
 i - a scroll of amnesia {unknown}
 k - 3 scrolls of remove curse {unknown}
 m - a scroll of enchant weapon {unknown}
Potions
 e - a potion of magic {unknown}
 h - 3 potions of curing {unknown}
 j - a potion of flight {unknown}
 o - a potion of agility {unknown}
Comestibles
 c - 6 rations


   Skills:
 * Level 3.7 Fighting
 * Level 4.1 Axes
 * Level 1.8 Armour
 * Level 1.9 Dodging
 + Level 0.1 Stealth


You had 3 spell levels left.
You didn't know any spells.

Dungeon Overview and Level Annotations

Branches:
Dungeon (3/15)

Altars:
Ashenzari
Wu Jian


Innate Abilities, Weirdness & Mutations

You cannot wear boots.
Your serpentine skin is tough. (AC +1)
You have supernaturally acute eyesight. (SInv)
Armour fits poorly on your strangely shaped body.
Your system is resistant to poisons. (rPois)
You cover ground very slowly.
You have a slow metabolism.
You can spit poison.


Message History

Okay, then.
o - a cyan potion An ogre comes into view.
It is wielding a giant spiked club.
The ogre shouts!
h - 3 fizzy orange potions (gained 1)
Press: ? - help, Shift-Dir - straight line, f - ogre
Aim: an ogre, wielding a giant spiked club The splash of poison hits the ogre.
The ogre is poisoned.
The ogre is lightly wounded.
You feel slightly more hungry. The ogre closely misses you.
Number of times to repeat, then command key: You must enter the number of times for the command to repeat.
The ogre hits you with a giant spiked club!!
Ouch! That really hurt!
The ogre looks more healthy.
You have got your breath back.
The ogre hits you with a giant spiked club!
* * * LOW HITPOINT WARNING * * *
The ogre hits you with a giant spiked club!
You die...

#..# #. #... #. #... #. #... # #.
### #... .#.##. ##.#########...
......######## #..............
#...........#######.############
#..........O@.....## .
#.######.#####.....## .. ...
##..####.......#### .. #....
#.................# ...
.........>......#........#.###...
##....>.##..###......>.......)..#
#..... #..####.........#.#.####
#.##. #..#..........###.#)#
#..#.##.#.....# #.#.#


You could see an ogre.

Vanquished Creatures
  An adder (D:2)
  2 oozes
  2 leopard geckos (D:1)
  3 orcs (D:3)
  6 bats
  3 giant cockroaches
  8 goblins
  9 hobgoblins
  6 kobolds
  2 quokkas
  3 ball pythons
  3 frilled lizards
  6 rats
54 creatures vanquished.

Notes
Turn   | Place    | Note
-------+----------+-------------------------------------------
     0 | D:1      | Naru the Naga Berserker began the quest for the Orb.
     0 | D:1      | Reached XP level 1. HP: 21/21 MP: 1/1
   132 | D:1      | Reached XP level 2. HP: 23/28 MP: 2/2
   445 | D:1      | Reached XP level 3. HP: 31/34 MP: 3/3
  1084 | D:2      | Reached ** piety under Trog
  1099 | D:2      | Found an ornate altar of the Wu Jian Council.
  1557 | D:2      | Reached skill level 4 in Axes
  1557 | D:2      | Reached XP level 4. HP: 37/42 MP: 4/4
  2285 | D:3      | Found a shattered altar of Ashenzari.
  2351 | D:3      | Noticed an ogre
  2363 | D:3      | Mangled by an ogre

Skill      XL: |  1  2  3 |
---------------+----------+-----
Axes           | 4 |  4.1
Fighting       | |  3.7
Armour         | |  1.8
Dodging        | |  1.9
Stealth        | |  0.1

Action                   |  1- 3 |  4- 6 || total
-------------------------+-------+-------++-------
Melee: Hand axe          |    91 |    51 ||   142
 Abil: Spit Poison       |       |     4 ||     4
 Stab: Sleeping          |     1 |       ||     1
  Eat: Ration            |     1 |       ||     1
       Chunk             |       |     2 ||     2
Armor: Animal skin       |    20 |       ||    20
       Ring mail         |       |    14 ||    14
Dodge: Dodged            |    52 |    26 ||    78
